 Dungeon Crawl Stone Soup version 0.29.1-15-g9cfb28693d (webtiles) character file.

Game seed: 16162117561267440625

457 booth the Cudgeller (level 7, 0/43 HPs)
             Began as a Gargoyle Monk on Feb 28, 2023.
             Slain by acky's ghost (3 damage)
             ... on level 4 of the Dungeon.
             The game lasted 00:26:33 (5404 turns).

booth the Cudgeller (Gargoyle Monk)                 Turns: 5404, Time: 00:26:34

Health: 0/43       AC:  8    Str: 17    XL:     7   Next: 6%
Magic:  7/7        EV: 17    Int: 10    God:
Gold:   221        SH:  0    Dex: 12    Spells: 6/6 levels left

rFire   . . .      SeeInvis .   a - +0 mace
rCold   . . .      Faith    .   (no shield)
rNeg    + . .      Spirit   .   b - +0 robe
rPois   ∞          Reflect  .   d - +1 helmet
rElec   +          Harm     .   (no cloak)
rCorr   .          Rampage  .   (no gloves)
Will    .....                   (no boots)
Stlth   ++........              (no amulet)
HPRegen 0.14/turn               i - +4 ring of evasion
MPRegen 0.10/turn               (no ring)

@: no status effects
A: sickness immunity, AC +4, negative energy resistance 1, electricity
resistance, torment resistance 1, petrification resistance
a: no special abilities


You were on level 4 of the Dungeon.
You visited 1 branch of the dungeon, and saw 4 of its levels.

You collected 221 gold pieces.

Inventory:

Hand Weapons
 a - a +0 mace (weapon)
Missiles
 k - 10 poisoned darts (quivered)
 p - 13 boomerangs
Armour
 b - a +0 robe (worn)
 d - a +1 helmet (worn)
Jewellery
 i - a +4 ring of evasion (left hand)
Wands
 j - a wand of charming (12)
 m - a wand of flame (15)
Scrolls
 f - a scroll of silence
 h - 2 scrolls of amnesia
 n - 2 scrolls of identify
 o - a scroll of fear {unknown}
 r - a scroll of teleportation
 s - a scroll of enchant weapon {unknown}
Potions
 c - a potion of ambrosia
 e - 2 potions of flight
 g - 2 potions of mutation
 l - 3 potions of curing
 q - a potion of might {unknown}


   Skills:
 + Level 4.2 Fighting
 * Level 6.2 Maces & Flails
 + Level 3.4 Dodging
 + Level 3.4 Stealth


You had 6 spell levels left.
You didn't know any spells.
Your spell library contained the following spells:

 Spells                   Type           Power      Damage    Failure   Level
 Ensorcelled Hibernation  Hex/Ice        0%         N/A       50%         2
 Passwall                 Tmut/Erth      0%         N/A       50%         2
 Poisonous Vapours        Pois/Air       0%         N/A       50%         2
 Ignite Poison            Fire/Tmut/Pois 0%         N/A       75%         3
 Mephitic Cloud           Conj/Pois/Air  0%         N/A       75%         3
 Swiftness                Air            0%         N/A       75%         3
 Corpse Rot               Necr/Pois/Air  0%         N/A       98%         4
 Freezing Cloud           Conj/Ice/Air   0%         6-21      100%        5


Dungeon Overview and Level Annotations

Branches:
Dungeon (4/15)
 Temple: D:4-7

Altars:
Zin

Shops:
D:2 [

Annotations:
D:4 1 runed translucent door, acky's ghost, weakling GnDe


Innate Abilities, Weirdness & Mutations

You are immune to sickness and miasma.
Your stone body is resilient. (AC +4)
You are immune to poison.
You resist negative energy. (rN+)
You are resistant to electric shocks. (rElec)
You are resistant to unholy torment.
You are immune to petrification.


Message History

The bullfrog completely misses you. x2
You hit the bullfrog.
You kill the bullfrog!
Acky's ghost whispers, "The ORB doesn't exist."
The adder barely misses you.
Your Maces & Flails skill increases to level 6!
You have reached level 7!
You hit the adder.
The adder is heavily wounded.
The adder closely misses you.
You hit the adder but do no damage.
The adder is heavily wounded.
The adder closely misses you.
You hit the adder.
The adder is severely wounded.
The adder closely misses you. The adder bites you but does no damage.
You hit the adder.
You kill the adder!
The giant cockroach misses you.
You hit the giant cockroach but do no damage.
The giant cockroach closely misses you.
You barely miss the giant cockroach. The giant cockroach misses you.
You hit the giant cockroach.
You kill the giant cockroach!
You hit the river rat.
The river rat is moderately wounded.
The river rat misses you.
You hit the river rat but do no damage.
The river rat is moderately wounded.
The river rat bites you.
You hit the river rat.
The river rat is severely wounded.
The river rat bites you.
* * * LOW HITPOINT WARNING * * *
You hit the river rat.
You kill the river rat!
You closely miss acky's ghost. Acky's ghost hits you!
* * * LOW HITPOINT WARNING * * *
Acky's ghost hits you.
You die...

......#####~~~####
#.#......
..........#~~~#..#
#.#......
..........#~$~#..#
#####.#......
..........#~~~#..#
#.....#......
..........#~~~#..#
#.#####......
...#.#.†..#~W~#..####.#
#......
...+......#~B~#..#....###
#......
...#†#######'####.......#
#...... .(.#...#
#....W@.......# ####'##
######.####..#.##.......#
#.# # #.........##.......#
####.## #
############.......#
#...... # ##### #.......#
#...### # #...# #########
#...# # #...# #...# ##
#...# #################...#
.#
#...###..............##...#


You could see acky's ghost.

Vanquished Creatures
  A bullfrog (D:4)
  A scorpion (D:4)
  A hound (D:4)
  3 iguanas (D:4)
  Terence (D:3)
  Robin (D:3)
  7 adders
  2 river rats (D:4)
  A worm (D:2)
  4 dart slugs
  7 orcs
  5 bats
  9 endoplasms
  3 giant cockroaches
  14 goblins
  8 hobgoblins
  4 jackals
  5 quokkas
  8 ball pythons
  2 frilled lizards
  5 kobolds
  4 rats
96 creatures vanquished.

Vanquished Creatures (others)
  2 plants (D:2)
2 creatures vanquished.

Grand Total: 98 creatures vanquished

Notes
Turn   | Place    | Note
-------+----------+-------------------------------------------
     0 | D:1      | booth the Gargoyle Monk began the quest for the Orb.
     0 | D:1      | Reached XP level 1. HP: 14/14 MP: 1/1
   405 | D:1      | Reached XP level 2. HP: 19/19 MP: 2/2
   596 | D:1      | Found a faded altar of an unknown god.
  1147 | D:1      | Reached XP level 3. HP: 22/23 MP: 3/3
  1447 | D:2      | HP: 1/23 [worm (7)]
  1942 | D:2      | Found Xebank's Armour Boutique.
  2030 | D:2      | Found Jamael's Antique Armour Shop.
  2490 | D:3      | Reached skill level 4 in Maces & Flails
  2753 | D:3      | Reached XP level 4. HP: 28/29 MP: 4/4
  2913 | D:3      | Noticed Terence
  2929 | D:3      | Noticed Robin
  2986 | D:3      | Killed Robin
  3387 | D:3      | Reached XP level 5. HP: 33/33 MP: 5/5
  3481 | D:3      | Found a glowing silver altar of Zin.
  3481 | D:3      | Noticed an angel
  3565 | D:3      | Killed Terence
  4048 | D:4      | Reached skill level 5 in Maces & Flails
  4652 | D:4      | Reached XP level 6. HP: 14/38 MP: 6/6
  4885 | D:4      | Found a runed translucent door.
  4886 | D:4      | Noticed acky's ghost (weakling GnDe)
  4981 | D:4      | Found a runed translucent door.
  5393 | D:4      | Reached skill level 6 in Maces & Flails
  5393 | D:4      | Reached XP level 7. HP: 20/43 MP: 7/7
  5404 | D:4      | Slain by acky's ghost

Illustrated notes

Levels and vault maps discovered:
D:1:      saegor_arrival_simple_e, layout_basic,
          hellmonk_ecumenical_altar_zigzags, minmay_misc_feat_chi
D:2:      layout_rooms, serial_shops, nicolae_shop_overgrown_old_shop, shop,
          chequers_serial_rivers_micro_a
D:3:      layout_loops_cross, zin_angel, uniq_terence, uniq_robin
D:4:      layout_basic, ebering_ghost_sewer_f, serial_curves, eino_curves_03,
          eino_curves_04

Skill      XL: |  1  2  3  4  5  6 |
---------------+-------------------+-----
Maces & Flails | 4 5 6 |  6.2
Dodging        | 3 |  3.4
Fighting       | 4 |  4.2
Stealth        | 3 |  3.4

Action                   |  1- 3 |  4- 6 |  7- 9 || total
-------------------------+-------+-------+-------++-------
Melee: Mace              |   115 |   232 |    12 ||   359
       Punch             |     1 |     3 |       ||     4
  Use: Scroll            |     6 |     1 |       ||     7
       Potion            |     2 |     4 |       ||     6
 Stab: Sleeping          |     2 |     3 |       ||     5
Armor: Robe              |    31 |    92 |     1 ||   124
Dodge: Dodged            |    82 |   222 |     7 ||   311
